 Dungeon Crawl Stone Soup version 0.25-a0-589-g1e14c549ee (webtiles) character file.

Game seed: 10492341569471641765, levelgen mode: deterministic

257 Kohma the Shield-Bearer (level 6, 0/42 HPs)
             Began as an Octopode Fighter on Mar 10, 2020.
             Was a Believer of Nemelex Xobeh.
             Slain by an ice beast (2 damage)
             ... on level 4 of the Dungeon.
             The game lasted 00:07:26 (3355 turns).

Kohma the Shield-Bearer (Octopode Fighter)          Turns: 3355, Time: 00:07:26

Health: 0/42       AC:  1    Str: 15    XL:     6   Next: 16%
Magic:  8/8        EV: 12    Int: 12    God:    Nemelex Xobeh [**....]
Gold:   83         SH:  9    Dex: 12    Spells: 5/5 levels left

rFire    . . .     SeeInvis .     - Unarmed
rCold    . . .     Gourm    .   a - +0 kite shield
rNeg     . . .     Faith    .   (helmet restricted)
rPois    .         Spirit   .   (no amulet)
rElec    .         Reflect  .   (no ring)
rCorr    .         Harm     .   (no ring)
MR       .....                  (no ring)
Stlth    ++........             (no ring)
HPRegen  0.14/turn              (no ring)
MPRegen  0.11/turn              (no ring)
                                (no ring)
                                (no ring)

@: no status effects
A: almost no armour, stealthy swim, amphibious, 8 rings, constrict 8, camouflage
1, gelatinous body 1
a: Draw Escape, Draw Destruction, Draw Summoning, Renounce Religion


You were on level 4 of the Dungeon.
You worshipped Nemelex Xobeh.
Nemelex Xobeh was pleased with you.
You were hungry.

You visited 2 branches of the dungeon, and saw 5 of its levels.

You collected 83 gold pieces.

Inventory:

Missiles
 m - 2 throwing nets (quivered)
 r - 15 poisoned darts
Armour
 a - a +0 kite shield (worn)
Wands
 p - a wand of polymorph (20)
 q - a wand of random effects (17)
Scrolls
 d - 5 scrolls of remove curse {unknown}
 e - a scroll of fear {unknown}
 f - a scroll of fog {unknown}
 g - 3 scrolls of identify {unknown}
 i - a scroll of teleportation {unknown}
 j - a scroll of amnesia {unknown}
 k - 3 scrolls of blinking {unknown}
 n - a scroll of enchant armour {unknown}
 s - a scroll of magic mapping {unknown}
Potions
 b - a potion of might
 h - 2 potions of degeneration {unknown}
 o - 3 potions of curing {unknown}
 t - a potion of berserk rage {unknown}
Comestibles
 c - 8 rations


   Skills:
 - Level 3.0 Fighting
 - Level 3.0 Dodging
 * Level 4.8 Shields
 + Level 3.3 Unarmed Combat
 * Level 3.8 Invocations


You had 5 spell levels left.
You didn't know any spells.
Your spell library was empty.

Dungeon Overview and Level Annotations

Branches:
Dungeon (4/15)             Temple (1/1) D:4

Altars:
Cheibriados
Dithmenos
Elyvilon
Fedhas
Gozag
Kikubaaqudgha
Makhleb
Nemelex Xobeh
Okawaru
Qazlal
Ru
Sif Muna
Trog
Uskayaw
Vehumet
Wu Jian
Xom
The Shining One


Innate Abilities, Weirdness & Mutations

You cannot wear most types of armour.
You are very stealthy in the water. (Stealth+)
You are amphibious.
You can wear up to eight rings at the same time.
You can use your tentacles to constrict eight enemies at once.
Your skin changes colour to match your surroundings (Stealth+).
Your rubbery body absorbs attacks. (AC +1, EV +1)


Message History

The orc wizard seems to speed up.
The howler monkey skeleton hits your -2 quarterstaff of venom but does no damage.
The orc hits your -2 quarterstaff of venom but does no damage.
You tentacle-slap the ice beast.
The ice beast is moderately wounded.
The ice beast hits you. The ice beast freezes you!
Your -2 quarterstaff of venom hits the howler monkey skeleton!
The howler monkey skeleton hits your -2 quarterstaff of venom but does no damage.
The orc hits your -2 quarterstaff of venom but does no damage.
The ice beast hits you.
* * * LOW HITPOINT WARNING * * *
The ice beast freezes you.
* * * LOW HITPOINT WARNING * * *
You draw a card...
You have drawn Velocity.
The orc seems to slow down.
Your -2 quarterstaff of venom hits the orc.
The orc is poisoned.
The orc hits your -2 quarterstaff of venom but does no damage.
The ice beast hits you.
You die...
Your body disappears without a glow.

# .# #.# $ ..
###..#...
#.8.#####..oo....
#......@(o.....
###########.#.Yo...?.
##...#..####.#.#oZ./..
#....#..##...#.#......
#....#..#.........#...
#..>..................
#.............##..#. .
#....................
. #.#.###.#...#.##..#
.. .


You could see an ice beast, an orc wizard, 4 orcs, a howler monkey skeleton and
a friendly -2 quarterstaff of venom.

Vanquished Creatures
  An ogre (D:4)
  2 worker ants (D:4)
  3 adders
  3 gnolls
  3 worms
  A dart slug (D:1)
  2 leopard geckos (D:3)
  3 orcs
  4 giant cockroaches
  4 goblins
  5 hobgoblins
  6 jackals (D:1)
  6 kobolds
  6 bats
  6 frilled lizards
  9 rats
64 creatures vanquished.

Notes
Turn   | Place    | Note
-------+----------+-------------------------------------------
     0 | D:1      | Kohma the Octopode Fighter began the quest for the Orb.
     0 | D:1      | Reached XP level 1. HP: 16/16 MP: 1/1
    57 | D:1      | Found a sparkling altar of Nemelex Xobeh.
    69 | D:1      | Reached XP level 2. HP: 11/21 MP: 2/2
   234 | D:1      | Became a worshipper of Nemelex Xobeh the Trickster
   549 | D:1      | Reached skill level 1 in Invocations
   760 | D:1      | Reached XP level 3. HP: 26/26 MP: 3/3
   785 | D:1      | Received a gift from Nemelex Xobeh
  1266 | D:2      | Reached XP level 4. HP: 31/31 MP: 5/5
  1383 | D:2      | Found a shimmering blue altar of Sif Muna.
  1650 | D:3      | Found a snail-covered altar of Cheibriados.
  1673 | D:3      | Reached * piety under Nemelex Xobeh
  1892 | D:3      | Reached skill level 4 in Shields
  2031 | D:3      | Found a sparkling altar of Nemelex Xobeh.
  2199 | D:3      | Found a shimmering altar of Xom.
  2705 | D:4      | Found a stormy altar of Qazlal.
  2778 | D:4      | Reached XP level 5. HP: 36/36 MP: 7/7
  2860 | D:4      | Reached ** piety under Nemelex Xobeh
  2908 | D:4      | Noticed an ogre
  2913 | D:4      | Killed an ogre
  2940 | D:4      | Reached XP level 6. HP: 22/42 MP: 8/8
  2964 | D:4      | Noticed an ice beast
  3227 | D:4      | Found a staircase to the Ecumenical Temple.
  3239 | Temple   | Entered the Ecumenical Temple
  3322 | D:4      | Received a gift from Nemelex Xobeh
  3354 | D:4      | HP: 2/42 [ice beast (6)]
  3355 | D:4      | Slain by an ice beast

Levels and vault maps discovered:
D:1:      dpeg_arrival_water_temple_mockup, layout_loops_ring,
          minmay_hexomino_r4
D:2:      layout_basic, led_sif_pool, first_ration
D:3:      layout_loops_cross, nicolae_overflow_crystal_walls, xom_butterflies,
          minivault_23, nemelex_spade_bored_becter
D:4:      layout_basic, nicolae_qazlal_general_emergency, minitemple,
          minmay_temple_entry_hall
Temple:   cyrus_circular_temple

Skill      XL: |  1  2  3  4  5 |
---------------+----------------+-----
Invocations    | 1 2 3 |  3.8
Shields        | 4 |  4.8
Unarmed Combat | 3 |  3.3
Fighting       | |  3.0
Dodging        | |  3.0

Action                   |  1- 3 |  4- 6 || total
-------------------------+-------+-------++-------
Melee: Unarmed           |    64 |   103 ||   167
       Constrict         |    18 |    21 ||    39
       Tentacles         |    11 |    14 ||    25
       Punch             |     1 |     3 ||     4
Invok: Draw Destruction  |     2 |     2 ||     4
       Draw Escape       |       |     1 ||     1
       Draw Summoning    |       |     1 ||     1
 Stab: Sleeping          |     4 |     8 ||    12
       Petrified         |     6 |       ||     6
  Eat: Chunk             |     1 |     6 ||     7
Armor: Skin              |     1 |     3 ||     4
Dodge: Dodged            |    21 |    40 ||    61
Block: Kite shield       |    29 |    38 ||    67

Table legend:
 A = Non-vault XP
 B = Vault XP
 C = Vault XP percentage of total XP
 D = Non-vault monster count
 E = Vault monster count
 F = Vault count percentage of total count
                 A         B        C        D         E       F
            +---------+---------+-------+---------+---------+-------
      Total |     361 |       7 |   1.9 |      60 |       4 |   6.2
            +---------+---------+-------+---------+---------+-------
        D:1 |      50 |       7 |  12.3 |      22 |       4 |  15.4
        D:2 |      37 |       0 |   0.0 |      10 |       0 |   0.0
        D:3 |      62 |       0 |   0.0 |      20 |       0 |   0.0
        D:4 |     212 |       0 |   0.0 |       8 |       0 |   0.0
            +---------+---------+-------+---------+---------+-------
